Map: [EWC] Goldenaura

Players

Clem - Winner!

  • Race: Terran Terran
  • Spawn Location: 5:00

Serral

  • Race: Zerg Zerg
  • Spawn Location: 12:00

Event: Esports World Cup 2024

VOD

Have the link to the VOD?

Description

Time

  • Played on: Aug. 15, 2024, 1:47 p.m.
  • Length: 11:40

All games in this series

Show
View Real Time Build Order
Export as new Build Order

Clem Terran - Winner!

Build Orders: Reaper Expand, Hellion Banshee 

Get SALT Encoding   

  12  0:00  SCV  
  13  0:12  SCV  
  14  0:17  Supply Depot  
  14  0:24  SCV  
  15  0:38  SCV  
  15  0:39  Barracks  
  16  0:43  Refinery  
  16  0:50  SCV  
  17  1:03  SCV  
  18  1:15  SCV  
  19  1:26  Reaper  
  19  1:27  Orbital Command  
  20  1:39  Command Center  
  20  1:47  Supply Depot  
  20  1:52  SCV  
  21  1:58  Marine  
  22  2:04  SCV  
  23  2:11  Factory  
  23  2:16  SCV  
  23  2:20  Barracks Reactor  
  24  2:28  SCV  
  25  2:39  Command Center  
  25  2:42  SCV  
  26  2:51  Orbital Command  
  26  2:54  SCV  
  27  3:02  Hellion  
  27  3:03  Hellion  
  31  3:07  SCV  
  31  3:12  Starport  
  32  3:16  Refinery  
  32  3:18  SCV  
  32  3:19  SCV  
  34  3:25  Hellion  
  36  3:27  Hellion  
  36  3:31  SCV  
  36  3:32  SCV  
  40  3:40  Barracks Tech Lab  
  40  3:43  SCV  
  40  3:45  SCV  
  42  3:51  Hellion x2  
  42  3:54  Orbital Command  
  42  3:55  SCV  
  43  3:57  SCV  
  44  4:04  Banshee  
  44  4:05  Cloaking Field  
  44  4:07  Barracks Tech Lab, SCV  
  44  4:09  SCV  
  49  4:16  Hellion  
  51  4:19  SCV  
  51  4:20  SCV  
  51  4:21  SCV  
  51  4:29  Supply Depot, Hellion  
  51  4:30  Stimpack  
  51  4:31  SCV  
  51  4:32  SCV  
  51  4:33  SCV  
  51  4:35  Barracks  
  54  4:39  Barracks  
  54  4:40  Marine  
  54  4:43  SCV  
  56  4:47  SCV  
  56  4:48  Refinery  
  56  4:49  Orbital Command  
  56  4:50  Banshee  
  60  4:54  Supply Depot  
  60  4:55  SCV  
  60  4:57  Refinery  
  60  4:58  Factory Reactor  
  61  5:00  Engineering Bay  
  61  5:01  Engineering Bay  
  61  5:02  SCV  
  61  5:03  Marine  
  63  5:07  SCV  
  64  5:14  SCV  
  64  5:15  SCV, Barracks  
  64  5:16  Barracks  
  64  5:17  Supply Depot  
  64  5:20  SCV  
  67  5:26  SCV  
  66  5:28  Terran Infantry Weapons Level 1, Terran Infantry Armor Level 1  
  66  5:30  SCV  
  66  5:32  SCV  
  64  5:37  Marine  
  64  5:38  SCV  
  64  5:39  Marine x2  
  64  5:40  Supply Depot  
  64  5:42  SCV, Starport Reactor  
  67  5:44  Supply Depot, SCV  
  67  5:46  Siege Tank  
  71  5:50  SCV  
  71  5:52  Marine x2  
  71  5:54  SCV  
  71  5:55  Supply Depot  
  75  5:57  SCV  
  75  6:01  Marine x2  
  75  6:03  SCV  
  79  6:04  Barracks Reactor x2  
  79  6:08  Supply Depot, SCV  
  79  6:09  SCV  
  79  6:10  Combat Shield  
  81  6:11  Marine  
  81  6:15  SCV  
  81  6:16  Marine  
  84  6:20  SCV, Medivac x2  
  84  6:21  SCV  
  84  6:25  Supply Depot x2  
  90  6:27  SCV, Refinery x2  
  90  6:28  Marine x2  
  90  6:32  SCV  
  94  6:33  Marine  
  94  6:34  Marine x2  
  94  6:37  SCV  
  94  6:38  Supply Depot  
  94  6:39  SCV  
  99  6:41  Factory  
  99  6:44  SCV  
  99  6:45  Marine  
  101  6:47  Supply Depot, Marine  
  101  6:48  Marine x3  
  101  6:49  SCV  
  101  6:50  Siege Tank  
  101  6:52  Supply Depot, SCV  
  110  6:55  Marine x3, Medivac  
  110  6:59  Marine, Armory  
  116  7:03  Marine  
  116  7:05  Marine  
  116  7:06  Marine  
  116  7:07  Marine x2  
  121  7:08  Medivac  
  121  7:13  Marine  
  121  7:15  Command Center  
  124  7:18  Marine  
  124  7:20  Marine  
  124  7:22  Marine  
  125  7:24  Marauder  
  125  7:25  Siege Tank  
  125  7:27  Marine x3, Factory Tech Lab  
  125  7:29  Concussive Shells  
  132  7:30  Supply Depot, Marine x2  
  132  7:34  Medivac  
  136  7:38  Marine, Medivac  
  139  7:44  Barracks  
  139  7:45  Barracks  
  139  7:47  Marine x2  
  139  7:48  Barracks  
  139  7:51  Terran Infantry Weapons Level 2  
  140  7:52  Supply Depot  
  140  7:54  Terran Infantry Armor Level 2  
  140  7:57  Terran Vehicle Weapons Level 1  
  140  7:59  Marine  
  140  8:01  Marine x2  
  140  8:02  Marine x3  
  146  8:07  Supply Depot  
  146  8:10  Siege Tank, Marine  
  146  8:12  Marine  
  149  8:15  Marine  
  149  8:17  Marine  
  151  8:20  Medivac x2  
  151  8:22  Orbital Command, Siege Tank, Marine  
  151  8:23  Marine  
  151  8:24  Orbital Command, Supply Depot, Marine  
  151  8:25  Orbital Command, Marine  
  162  8:27  Marine  
  162  8:28  Marine  
  162  8:33  Marine  
  162  8:34  Marine  
  162  8:42  Siege Tank, Marine x3  
  162  8:43  Barracks Tech Lab  
  164  8:50  Marine x2, Medivac x2  
  164  8:51  SCV  
  157  8:56  SCV x2  
  157  8:58  Siege Tank  
  157  9:01  Marine x2  
  162  9:03  Barracks Tech Lab, SCV  
  162  9:04  Barracks Tech Lab  
  162  9:05  Marine x2  
  157  9:11  Marine  
  157  9:16  SCV  
  159  9:17  Planetary Fortress, Marine  
  159  9:19  SCV  
  159  9:20  Marine x2  
  159  9:21  SCV  
  164  9:25  Siege Tank, Marine  
  164  9:26  Marine x2  
  164  9:27  Marauder  
  164  9:28  SCV  
  164  9:29  Marine, Marauder  
  164  9:30  Marine x2  
  178  9:34  Marauder  
  178  9:35  Marine  
  178  9:38  SCV x2, Marine  
  181  9:44  Refinery  
  181  9:45  Siege Tank  
  184  9:47  Marine x2  
  184  9:48  Marine x2, Marauder x2  
  184  9:50  Marauder  
  194  9:55  Marauder  
  194  9:57  Command Center  
  194  9:59  Siege Tank  
  199  10:03  Marine  
  200  10:12  Marine  
  200  10:18  Marauder x2  
  195  10:22  Command Center  
  195  10:25  Marauder x2  
  195  10:26  Siege Tank  
  195  10:27  Marine  
  183  10:28  Medivac  
  183  10:30  Marine x2  
  183  10:31  Siege Tank, Marine x5  
  191  10:39  Marine, Marauder  
  191  10:42  SCV  
  189  10:45  SCV, Marine  
  189  10:46  Marine x2  
  189  10:48  Marine x2  
  189  10:49  Marine x3  
  188  10:51  Marine  
  188  10:55  Marine  
  178  10:58  Marauder  
  178  11:00  Marine  
  178  11:03  Marine  
  178  11:04  Marine x2, Viking x2  
  179  11:06  Marine x4  
  179  11:09  Marine x2  
  183  11:13  Marine  
  183  11:18  Refinery  
  180  11:19  Marauder  
  180  11:21  Marine  
  180  11:22  Marine x2  
  188  11:34  Command Center  
Show
View Real Time Build Order
Export as new Build Order

Serral Zerg 

Build Orders: Hatch First 

Get SALT Encoding   

  12  0:00  Drone  
  13  0:08  Drone  
  14  0:14  Drone, Extractor  
  15  0:36  Hatchery  
  15  0:42  Extractor  
  13  0:43  Drone  
  13  0:48  Overlord  
  15  1:03  Spawning Pool  
  14  1:07  Drone  
  14  1:10  Drone  
  16  1:14  Drone  
  17  1:18  Drone  
  18  1:29  Drone  
  19  1:41  Drone  
  20  1:50  Queen x2  
  20  1:51  Zergling x2  
  20  1:53  Overlord  
  25  1:59  Drone  
  26  2:02  Drone  
  27  2:10  Drone  
  27  2:12  Drone  
  29  2:20  Drone  
  30  2:25  Queen  
  30  2:26  Queen, Extractor  
  33  2:31  Drone  
  33  2:32  Drone  
  36  2:38  Overlord  
  36  2:44  Hatchery  
  36  2:49  Drone, Extractor  
  36  2:51  Drone  
  36  2:59  Drone x3  
  36  3:00  Drone x2  
  36  3:01  Drone  
  36  3:05  Drone  
  43  3:06  Drone  
  43  3:10  Overlord  
  44  3:18  Roach Warren  
  44  3:19  Drone  
  44  3:20  Extractor  
  44  3:21  Drone  
  44  3:30  Drone  
  44  3:31  Drone x5  
  50  3:36  Drone x2  
  50  3:38  Overlord  
  51  3:50  Drone  
  51  3:53  Drone x2  
  51  3:59  Spore Crawler  
  51  4:01  Roach x3  
  56  4:02  Spore Crawler  
  56  4:03  Drone x3  
  56  4:09  Drone x2  
  60  4:10  Overlord  
  59  4:18  Drone x4  
  59  4:20  Drone  
  65  4:27  Drone, Lair  
  66  4:31  Drone x2  
  66  4:33  Spore Crawler  
  66  4:34  Extractor  
  66  4:38  Drone x3  
  68  4:40  Drone  
  68  4:44  Drone x2  
  68  4:45  Drone  
  74  4:48  Overlord  
  74  4:50  Overlord  
  74  4:53  Extractor  
  74  4:54  Drone, Extractor  
  74  4:55  Drone  
  74  4:57  Spore Crawler  
  74  4:58  Spore Crawler  
  73  5:00  Drone x2  
  73  5:06  Queen, Extractor  
  73  5:07  Extractor  
  74  5:10  Roach x2  
  74  5:11  Drone x2  
  74  5:12  Drone  
  74  5:13  Drone  
  80  5:23  Evolution Chamber  
  70  5:29  Drone x7  
  70  5:30  Drone  
  70  5:34  Drone  
  70  5:35  Overseer  
  79  5:39  Drone x3  
  81  5:46  Drone x2  
  81  5:52  Overlord x2  
  81  5:54  Drone, Evolution Chamber  
  81  5:55  Drone, Evolution Chamber  
  81  5:58  Glial Reconstitution  
  81  6:00  Drone x2  
  81  6:03  Hatchery  
  81  6:04  Overlord  
  81  6:05  Drone  
  81  6:11  Overlord  
  81  6:13  Drone x3  
  81  6:14  Drone  
  81  6:17  Drone x2  
  87  6:21  Drone  
  87  6:23  Zerg Ground Armor Level 1  
  88  6:27  Drone x3  
  88  6:32  Drone x4  
  95  6:34  Drone x2  
  95  6:38  Zerg Melee Weapons Level 1, Metabolic Boost  
  97  6:43  Infestation Pit  
  97  6:45  Roach  
  97  6:46  Roach x2  
  102  6:53  Roach x4  
  110  6:57  Drone x3  
  110  6:58  Baneling Nest  
  112  7:03  Overlord x2  
  112  7:04  Drone x2  
  112  7:07  Overlord  
  114  7:12  Overlord  
  114  7:13  Overlord, Extractor  
  113  7:18  Overlord  
  113  7:20  Ravager  
  113  7:21  Drone, Queen  
  113  7:22  Drone x2  
  117  7:23  Drone  
  117  7:24  Drone  
  117  7:27  Hive  
  119  7:31  Roach x3  
  119  7:36  Zergling x2  
  119  7:37  Zergling x10  
  131  7:38  Zergling x2  
  131  7:42  Zergling x2  
  131  7:43  Zergling x6  
  136  7:49  Centrifugal Hooks, Zergling x2  
  136  7:50  Zergling x4  
  139  7:54  Queen  
  139  7:55  Hatchery  
  139  7:56  Overlord  
  141  8:00  Zergling x12, Roach x2  
  141  8:05  Hatchery  
  147  8:16  Overlord  
  147  8:17  Zergling x14  
  147  8:18  Zerg Ground Armor Level 2  
  154  8:22  Baneling x8  
  154  8:23  Baneling  
  154  8:32  Zergling x24  
  166  8:39  Zerg Melee Weapons Level 2  
  166  8:44  Zergling x4  
  166  8:45  Queen, Zergling x4  
  166  8:46  Queen x2  
  164  8:48  Zergling x2  
  164  8:49  Zergling x4  
  164  8:52  Queen  
  151  8:56  Overseer  
  151  9:02  Zergling x18  
  147  9:13  Viper x3  
  147  9:14  Viper  
  150  9:17  Zergling x4  
  150  9:21  Queen x2  
  153  9:29  Zergling x2  
  153  9:30  Zergling x12  
  157  9:32  Baneling x16  
  157  9:37  Zergling x4  
  155  9:43  Hatchery  
  154  9:49  Queen x2  
  154  9:50  Adrenal Glands  
  154  9:52  Ravager x8  
  165  9:53  Overlord x3  
  165  9:55  Hatchery  
  164  10:02  Zergling x8  
  166  10:08  Zergling x12  
  167  10:14  Zergling x2  
  167  10:15  Zergling x14  
  174  10:22  Overlord  
  174  10:23  Ultralisk Cavern  
  158  10:28  Zergling x2  
  158  10:29  Zergling x8  
  158  10:35  Baneling x9  
  150  10:37  Zergling x8  
  137  10:43  Zergling x12  
  137  10:47  Zergling x2  
  137  10:49  Queen x2, Overseer  
  130  10:52  Zergling x4  
  121  10:57  Zergling x4  
  121  11:03  Zergling x10  
  126  11:04  Baneling x4  
  132  11:11  Zergling x10  
  127  11:21  Zergling x4  
Tags
 
Add a new tag
Caveats
  • Supply blocks, unpowered buildings, or Contaminate may cause inaccurate times.
  • Supply counts are checked every 10 seconds.